 Dungeon Crawl Stone Soup version 0.21-a0-85-ga0cb861 (webtiles) character file.

15 smhtbhfam the Insei (level 2, 0/14 HPs)
             Began as a Vine Stalker Transmuter on June 25, 2017.
             Slain by a jackal (3 damage)
             ... on level 2 of the Dungeon.
             The game lasted 00:02:43 (472 turns).

smhtbhfam the Insei (Vine Stalker Transmuter)        Turns: 472, Time: 00:02:44

Health: 0/14       AC:  2    Str: 17    XL:     2   Next: 50%
Magic:  0/6        EV: 12    Int: 13    God:
Gold:   105        SH:  0    Dex: 14    Spells: 2/5 levels left

rFire    + . .     SeeInvis .     - Unarmed
rCold    + . .     Gourm    .   (no shield)
rNeg     . . .     Faith    .   b - +0 robe
rPois    +         Spirit   +   (no helmet)
rElec    +         Reflect  .   (no cloak)
rCorr    +         Harm     .   (no gloves)
MR       .....                  (no boots)
Stlth    +.........             (no amulet)
HPRegen  0.04/turn              (no ring)
MPRegen  0.10/turn              (no ring)

@: mighty, resistant, very slightly contaminated
A: fangs 2, magic shield, antimagic bite, no potion heal 3, rot immunity
a: no special abilities


You were on level 2 of the Dungeon.
You were not hungry.

You visited 1 branch of the dungeon, and saw 2 of its levels.

You collected 105 gold pieces.

Inventory:

Missiles
 a - 11 arrows
Armour
 b - a +0 robe (worn)
Scrolls
 g - 3 scrolls of remove curse {unknown}
 k - 3 scrolls of teleportation {unknown}
 l - a scroll of immolation {unknown}
 m - a scroll of enchant weapon {unknown}
Potions
 e - a potion of cancellation {unknown}
 i - a potion of might
 n - a potion of lignification {unknown}
Books
 c - a book of Changes

   Spells                             Type                      Level
   a - Beastly Appendage              Transmutation                1
   b - Sticks to Snakes               Transmutation                2
   c - Spider Form                    Transmutation/Poison         3
   d - Ice Form                       Ice/Transmutation            4
   e - Blade Hands                    Transmutation                5
Comestibles
 d - 2 bread rations
 f - a meat ration
 h - 5 chunks of flesh
 o - 3 fruits


   Skills:
 - Level 0.8 Fighting
 - Level 1.5 Dodging
 + Level 3.8 Unarmed Combat
 - Level 2.1 Spellcasting
 - Level 2.0 Transmutations


You had 2 spell levels left.
You knew the following spells:

 Your Spells              Type           Power        Failure   Level  Hunger
a - Beastly Appendage     Tmut           #.....       11%         1    ##.....
b - Sticks to Snakes      Tmut           #.......     17%         2    ###....


Dungeon Overview and Level Annotations

Branches:
Dungeon (2/15)

Altars:


Innate Abilities, Weirdness & Mutations

You have extremely sharp teeth.
When hurt, damage is shared between your health and your magic reserves.
Your bite disrupts and absorbs the magic of your enemies.
Potions cannot restore your health.
You are immune to rotting.


Message History

You are too injured to fight recklessly!
You are too injured to fight recklessly!
You completely miss the jackal. Your kick misses the jackal.
Your punch misses the jackal. The jackal barely misses you. x2
Your talons disappear.
The jackal bites you but does no damage.
The jackal bites you.
* * * LOW HITPOINT WARNING * * *
There is a stone staircase leading up here.
Unknown command.
Okay, then.
It was a potion of might.
You feel very mighty all of a sudden. The jackal barely misses you.
The jackal closely misses you. The jackal misses you.
Unknown command.
It was a potion of resistance.
You feel protected. The jackal bites you.
You die...

#.......###......#
........# #......#
........# ###....#
........#####..#.##
##.###............##
... #.............#
$.
..#......<..##...#
.......hh...##.#..
.>.#....@.....# # .
...$#(.........# #.#
#..........#
......#........#
.####..........
#..........
.........#.
......##.##


You could see 2 jackals.

Vanquished Creatures
  A dart slug (D:1)
  A giant cockroach (D:1)
  3 goblins (D:1)
  2 hobgoblins (D:1)
  A bat (D:1)
  A frilled lizard (D:1)
  3 rats (D:1)
12 creatures vanquished.

Vanquished Creatures (collateral kills)
  A rat (D:1)
1 creature vanquished.

Grand Total: 13 creatures vanquished

Notes
Turn   | Place    | Note
-------+----------+-------------------------------------------
     0 | D:1      | smhtbhfam the Vine Stalker Transmuter began the quest for the Orb.
     0 | D:1      | Reached XP level 1. HP: 9/9 MP: 4/4
     0 | D:1      | wow, that's some powerhouse
   133 | D:1      | Reached XP level 2. HP: 12/14 MP: 4/6
   146 | D:1      | Learned a level 2 spell: Sticks to Snakes
   472 | D:2      | Slain by a jackal

Vault maps used:
D:1:      tarquinn_simple_flora_water_b
D:2:      hangedman_glass_teeth, st_stairs_3, uniq_terence

Action                   || total
-------------------------++-------
Melee: Unarmed           ||    27
       Bite              ||     4
       Punch             ||     1
       Kick              ||     2
 Cast: Beastly Appendage ||     5
       Sticks to Snakes  ||     1
  Use: Potion            ||     2
Armor: Robe              ||     9
Dodge: Dodged            ||    21
